[ AOE2 MATCH · #506280319 ]
UnrankedGoths vs Burmese
Player's team · WIN
Rival team · LOSS
[ REPLAY ANALYSIS · EXTRACTED FROM THE RECORDED GAME ]
Feudal
9:02
Castle
19:42
Imperial
36:42
| APM avg | 43.9 |
| APM peak | 86 |
| eAPM avg | 27.9 |
| Villagers / military | 147 / 353 |
Focus
⚔️ 44.0% · 🌾 56.0%
Huskarl ×62 · Skirmisher ×58 · Spearman ×55 · Hand Cannoneer ×52 · Knight ×51 · Bombard Cannon ×27
Feudal
9:10
Castle
21:21
Imperial
36:15
| APM avg | 32.8 |
| APM peak | 62 |
| eAPM avg | 15.0 |
| Villagers / military | 140 / 176 |
Focus
⚔️ 41.3% · 🌾 58.7%
Militia ×58 · Arambai ×55 · Cavalry Archer ×35 · Spearman ×9 · Knight ×6 · Trebuchet (Packed) ×6
Match map
Initial resources + every placement click. Lines = walls · curves = elevation contours. ◆ gold · ⬟ stone · ● berries · ✦ relic · ◌ wall gap
Your base· Open — 5t gap
morningsun's base· Open — 8t gap
Smoothed initial terrain · ◌ = detected wall gap · hover for details
Inputs per minute
— HellionBlue - - morningsun
Build order — HellionBlue
First 150 of 545 actions detected
| 0:01 | Queue | Villager (Male) |
| 0:01 | Queue | Villager (Male) |
| 0:01 | Queue | Villager (Male) |
| 0:02 | Build | House |
| 0:04 | Build | House |
| 0:04 | Queue | Villager (Male) |
| 0:05 | Queue | Villager (Male) |
| 1:31 | Queue | Villager (Male) |
| 1:31 | Queue | Villager (Male) |
| 1:52 | Queue | Villager (Male) |
| 2:32 | Queue | Villager (Male) |
| 2:32 | Queue | Villager (Male) |
| 2:45 | Build | Lumber Camp |
| 2:55 | Queue | Villager (Male) |
| 2:55 | Queue | Villager (Male) |
| 2:56 | Queue | Villager (Male) |
| 2:56 | Queue | Villager (Male) |
| 3:29 | Build | House |
| 3:52 | Queue | Villager (Male) |
| 3:52 | Queue | Villager (Male) |
| 4:05 | Queue | Villager (Male) |
| 4:05 | Queue | Villager (Male) |
| 4:11 | Build | Palisade Wall |
| 4:26 | Queue | Villager (Male) |
| 5:14 | Build | Mill |
| 5:17 | Queue | Villager (Male) |
| 5:46 | Build | House |
| 5:59 | Queue | Villager (Male) |
| 6:32 | Research | Loom |
| 6:52 | Research | Feudal Age |
| 6:52 | Research | Feudal Age |
| 7:35 | Build | House |
| 8:02 | Queue | Villager (Male) |
| 8:19 | Build | Barracks |
| 8:34 | Queue | Villager (Male) |
| 9:02 | Age | Feudal Age |
| 9:18 | Build | Stable |
| 9:27 | Queue | Villager (Male) |
| 9:45 | Research | Double-Bit Axe |
| 9:45 | Research | Double-Bit Axe |
| 9:51 | Build | House |
| 9:58 | Queue | Villager (Male) |
| 10:00 | Queue | Scout Cavalry |
| 10:00 | Queue | Scout Cavalry |
| 10:06 | Queue | Spearman |
| 10:50 | Build | Archery Range |
| 11:12 | Build | Archery Range |
| 11:16 | Build | House |
| 11:21 | Build | Palisade Gate |
| 11:24 | Build | Palisade Wall |
| 11:33 | Build | Palisade Gate |
| 11:39 | Build | Palisade Wall |
| 11:44 | Queue | Villager (Male) |
| 11:45 | Queue | Villager (Male) |
| 11:45 | Queue | Villager (Male) |
| 11:56 | Build | Mining Camp |
| 11:57 | Queue | Villager (Male) |
| 12:05 | Queue | Villager (Male) |
| 12:06 | Queue | Archer |
| 12:07 | Queue | Archer |
| 12:22 | Build | Farm |
| 12:23 | Build | Farm |
| 12:23 | Build | Farm |
| 12:27 | Queue | Villager (Male) |
| 12:32 | Build | House |
| 12:34 | Queue | Skirmisher |
| 12:51 | Build | House |
| 12:54 | Queue | Skirmisher ×2 |
| 12:55 | Queue | Skirmisher ×2 |
| 12:58 | Build | Palisade Wall |
| 13:04 | Build | Palisade Wall |
| 13:07 | Build | Palisade Wall |
| 13:12 | Queue | Skirmisher |
| 13:22 | Queue | Villager (Male) |
| 13:33 | Build | House |
| 13:45 | Build | House |
| 13:46 | Build | House |
| 13:49 | Queue | Villager (Male) |
| 14:01 | Queue | Skirmisher |
| 14:02 | Queue | Villager (Male) |
| 14:05 | Build | Farm |
| 14:23 | Build | House |
| 14:25 | Build | Palisade Wall |
| 14:52 | Build | Palisade Wall |
| 15:05 | Queue | Villager (Male) |
| 15:16 | Build | Farm |
| 15:16 | Build | Farm |
| 15:16 | Build | Farm |
| 15:17 | Build | Farm |
| 15:17 | Build | Farm |
| 15:17 | Build | Farm |
| 15:30 | Build | Palisade Gate |
| 15:47 | Build | Palisade Wall |
| 16:02 | Queue | Villager (Male) |
| 16:03 | Queue | Villager (Male) |
| 16:03 | Queue | Villager (Male) |
| 16:08 | Build | Farm |
| 16:08 | Build | Farm |
| 16:09 | Build | Farm |
| 16:09 | Build | Farm |
| 16:09 | Build | Farm |
| 16:23 | Queue | Villager (Male) |
| 16:47 | Build | Farm |
| 16:54 | Queue | Villager (Male) |
| 16:54 | Queue | Villager (Male) |
| 17:02 | Research | Castle Age |
| 17:02 | Research | Castle Age |
| 17:06 | Build | Lumber Camp |
| 17:29 | Build | Mining Camp |
| 18:00 | Build | Lumber Camp |
| 18:36 | Research | Wheelbarrow |
| 18:44 | Research | Man-at-Arms (upgrade) |
| 18:53 | Build | Stable |
| 19:00 | Build | Palisade Gate |
| 19:19 | Build | Blacksmith |
| 19:20 | Build | Palisade Wall |
| 19:37 | Research | Bloodlines |
| 19:42 | Age | Castle Age |
| 19:47 | Queue | Knight ×3 |
| 19:47 | Queue | Knight ×3 |
| 19:57 | Queue | Knight |
| 19:57 | Queue | Knight |
| 19:57 | Queue | Knight |
| 19:58 | Queue | Knight |
| 20:08 | Build | House |
| 20:23 | Queue | Spearman |
| 20:24 | Queue | Spearman |
| 20:42 | Queue | Villager (Male) |
| 20:47 | Queue | Knight |
| 20:47 | Queue | Knight |
| 21:04 | Build | House |
| 21:12 | Build | Town Center |
| 21:26 | Build | Palisade Wall |
| 21:35 | Build | Palisade Wall |
| 21:39 | Queue | Villager (Male) |
| 21:40 | Queue | Villager (Male) |
| 21:50 | Research | Bow Saw |
| 21:50 | Research | Bow Saw |
| 22:00 | Queue | Villager (Male) |
| 22:21 | Queue | Villager (Male) |
| 22:22 | Queue | Villager (Male) |
| 22:34 | Queue | Villager (Male) |
| 22:35 | Queue | Villager (Male) |
| 23:05 | Build | House |
| 23:08 | Queue | Villager (Male) ×2 |
| 23:09 | Queue | Villager (Male) ×3 |
| 23:09 | Queue | Villager (Male) |
| 23:28 | Queue | Villager (Male) |
| 23:48 | Build | Monastery |
| 24:14 | Build | Castle |
Build order — morningsun
First 150 of 384 actions detected
| 0:01 | Queue | Villager (Male) |
| 0:01 | Queue | Villager (Male) |
| 0:01 | Queue | Villager (Male) |
| 0:01 | Queue | Villager (Male) |
| 0:02 | Build | House |
| 0:04 | Build | House |
| 1:23 | Queue | Villager (Male) |
| 1:23 | Queue | Villager (Male) |
| 1:49 | Queue | Villager (Male) |
| 2:11 | Build | Lumber Camp |
| 2:18 | Queue | Villager (Male) |
| 2:19 | Queue | Villager (Male) |
| 2:48 | Queue | Villager (Male) |
| 2:48 | Queue | Villager (Male) |
| 3:02 | Build | House |
| 3:30 | Queue | Villager (Male) |
| 3:50 | Queue | Villager (Male) |
| 4:31 | Queue | Villager (Male) |
| 4:31 | Queue | Villager (Male) |
| 5:20 | Build | Mill |
| 5:26 | Queue | Villager (Male) |
| 5:26 | Queue | Villager (Male) |
| 6:10 | Queue | Villager (Male) |
| 6:11 | Queue | Villager (Male) |
| 6:54 | Research | Feudal Age |
| 7:15 | Build | Barracks |
| 7:39 | Build | House |
| 7:49 | Queue | Villager (Male) |
| 8:06 | Queue | Militia ×2 |
| 8:16 | Build | Mining Camp |
| 8:28 | Build | Palisade Wall |
| 8:30 | Build | House |
| 8:35 | Queue | Villager (Male) |
| 8:35 | Queue | Villager (Male) |
| 8:35 | Queue | Villager (Male) |
| 8:36 | Queue | Villager (Male) |
| 8:49 | Queue | Militia ×4 |
| 9:00 | Build | House |
| 9:10 | Age | Feudal Age |
| 9:16 | Research | Man-at-Arms (upgrade) |
| 9:17 | Queue | Villager (Male) |
| 9:17 | Queue | Villager (Male) |
| 9:24 | Build | Palisade Wall |
| 9:27 | Build | Palisade Wall |
| 9:43 | Queue | Villager (Male) |
| 9:58 | Queue | Villager (Male) |
| 10:06 | Build | House |
| 10:08 | Build | House |
| 10:16 | Queue | Militia ×3 |
| 10:25 | Queue | Villager (Male) |
| 10:25 | Queue | Villager (Male) |
| 11:03 | Queue | Spearman |
| 11:05 | Queue | Villager (Male) |
| 11:05 | Queue | Villager (Male) |
| 11:09 | Research | Loom |
| 11:10 | Queue | Villager (Male) |
| 11:26 | Build | House |
| 11:27 | Build | Palisade Wall |
| 11:28 | Queue | Villager (Male) |
| 11:42 | Queue | Villager (Male) |
| 11:42 | Queue | Villager (Male) |
| 12:05 | Queue | Spearman |
| 12:06 | Queue | Villager (Male) |
| 12:23 | Queue | Villager (Male) |
| 12:30 | Research | Horse Collar |
| 12:31 | Queue | Villager (Male) |
| 12:32 | Queue | Villager (Male) |
| 12:32 | Queue | Villager (Male) |
| 12:33 | Queue | Villager (Male) |
| 12:45 | Build | Stable |
| 13:13 | Build | Farm |
| 13:14 | Build | Farm |
| 13:15 | Build | Farm |
| 13:16 | Build | Farm |
| 13:17 | Build | Farm |
| 13:19 | Build | Farm |
| 13:29 | Queue | Villager (Male) |
| 13:29 | Queue | Villager (Male) |
| 13:30 | Queue | Villager (Male) |
| 13:49 | Queue | Scout Cavalry ×2 |
| 13:53 | Queue | Villager (Male) |
| 14:07 | Build | House |
| 14:10 | Build | Palisade Wall |
| 14:24 | Queue | Villager (Male) |
| 14:28 | Queue | Villager (Male) |
| 14:33 | Queue | Villager (Male) |
| 14:38 | Build | Farm |
| 14:39 | Build | Farm |
| 14:40 | Build | Farm |
| 14:41 | Build | Farm |
| 15:17 | Queue | Villager (Male) |
| 15:18 | Queue | Villager (Male) |
| 15:23 | Build | House |
| 15:24 | Queue | Villager (Male) |
| 15:38 | Queue | Villager (Male) |
| 15:43 | Build | Farm |
| 15:44 | Build | Farm |
| 15:57 | Queue | Villager (Male) |
| 16:10 | Queue | Villager (Male) |
| 16:11 | Queue | Villager (Male) |
| 16:23 | Build | Farm |
| 16:28 | Build | Blacksmith |
| 16:32 | Queue | Villager (Male) |
| 16:43 | Build | Farm |
| 16:46 | Build | Farm |
| 16:51 | Queue | Villager (Male) |
| 17:06 | Build | Lumber Camp |
| 17:21 | Build | Farm |
| 17:25 | Queue | Villager (Male) |
| 18:02 | Build | Farm |
| 18:07 | Build | Farm |
| 18:08 | Build | Farm |
| 18:11 | Build | Farm |
| 18:15 | Build | Farm |
| 18:40 | Build | Farm |
| 18:41 | Research | Castle Age |
| 19:30 | Build | Stable |
| 19:53 | Research | Scale Barding Armor |
| 19:54 | Research | Forging |
| 19:57 | Research | Bloodlines |
| 20:16 | Queue | Spearman |
| 20:16 | Queue | Spearman |
| 20:28 | Build | House |
| 20:48 | Build | House |
| 20:50 | Queue | Spearman ×5 |
| 21:21 | Age | Castle Age |
| 21:24 | Queue | Knight ×5 |
| 21:26 | Queue | Villager (Male) |
| 21:27 | Queue | Villager (Male) |
| 21:31 | Build | Town Center |
| 21:39 | Build | Town Center |
| 21:45 | Queue | Villager (Male) |
| 21:45 | Queue | Villager (Male) |
| 21:50 | Build | Lumber Camp |
| 22:03 | Queue | Knight |
| 22:07 | Build | Farm |
| 22:10 | Queue | Villager (Male) |
| 22:11 | Queue | Villager (Male) |
| 22:19 | Queue | Villager (Male) |
| 22:20 | Queue | Villager (Male) |
| 22:21 | Queue | Villager (Male) |
| 22:26 | Research | Wheelbarrow |
| 23:00 | Queue | Villager (Male) |
| 23:18 | Queue | Villager (Male) |
| 23:19 | Queue | Villager (Male) |
| 23:20 | Queue | Villager (Male) |
| 23:22 | Build | Monastery |
| 24:05 | Build | House |
| 24:16 | Queue | Monk ×3 |
| 24:34 | Queue | Villager (Male) |
Match timeline
| 4:11 | HellionBlue · wall_segment Palisade Wall x1 |
| 7:15 | morningsun · first_building Barracks |
| 8:19 | HellionBlue · first_building Barracks |
| 8:28 | morningsun · wall_segment Palisade Wall x1 |
| 9:02 | HellionBlue · age_up feudal |
| 9:10 | morningsun · age_up feudal |
| 9:18 | HellionBlue · first_building Stable |
| 9:24 | morningsun · wall_segment Palisade Wall x2 |
| 9:27 | morningsun · wall_segment Palisade Wall x2 |
| 10:50 | HellionBlue · first_building Archery Range |
| 11:24 | HellionBlue · wall_segment Palisade Wall x1 |
| 11:27 | morningsun · wall_segment Palisade Wall x1 |
| 11:39 | HellionBlue · wall_segment Palisade Wall x1 |
| 12:45 | morningsun · first_building Stable |
| 12:58 | HellionBlue · wall_segment Palisade Wall x1 |
| 13:04 | HellionBlue · wall_segment Palisade Wall x1 |
| 13:07 | HellionBlue · wall_segment Palisade Wall x1 |
| 14:10 | morningsun · wall_segment Palisade Wall x13 |
| 14:25 | HellionBlue · wall_segment Palisade Wall x9 |
| 14:52 | HellionBlue · wall_segment Palisade Wall x7 |
| 15:47 | HellionBlue · wall_segment Palisade Wall x1 |
| 19:20 | HellionBlue · wall_segment Palisade Wall x1 |
| 19:42 | HellionBlue · age_up castle |
| 21:21 | morningsun · age_up castle |
| 21:26 | HellionBlue · wall_segment Palisade Wall x1 |
| 21:35 | HellionBlue · wall_segment Palisade Wall x13 |
| 23:22 | morningsun · first_building Monastery |
| 23:48 | HellionBlue · first_building Monastery |
| 24:14 | HellionBlue · first_building Castle |
| 24:39 | HellionBlue · wall_segment Palisade Wall x1 |
| 24:43 | HellionBlue · wall_segment Palisade Wall x1 |
| 24:59 | HellionBlue · wall_segment Palisade Wall x1 |
| 29:40 | HellionBlue · wall_segment Palisade Wall x3 |
| 31:45 | morningsun · first_building Castle |
| 31:49 | HellionBlue · first_building Siege Workshop |
| 35:24 | HellionBlue · wall_segment Palisade Wall x15 |
| 35:29 | HellionBlue · wall_segment Palisade Wall x2 |
| 36:15 | morningsun · age_up imperial |
| 36:42 | HellionBlue · age_up imperial |
| 40:07 | HellionBlue · wall_segment Palisade Wall x13 |
| 40:58 | HellionBlue · first_market_sell 500 food |
| 40:59 | HellionBlue · first_market_buy 100 wood |
| 41:17 | HellionBlue · wall_segment Palisade Wall x7 |
| 48:00 | morningsun · first_building Archery Range |
| 57:57 | morningsun · resign |
[ AI ANALYSIS · 1 CREDIT ]
What really happened in this match?
Wolo.gg analyzes every decision: build order, eco, micro, common mistakes by bracket. Personalized analysis on WhatsApp or Discord in 30 seconds.
Civ guide
Goths
Perfil
Jugador #2698259